 Dungeon Crawl Stone Soup version 0.22-a0-567-gff9aefc (webtiles) character file.

9963 varam the Nimble (level 11, -2/81 HPs)
             Began as a Merfolk Conjurer on June 29, 2018.
             Was an Elder of Nemelex Xobeh.
             Slain by a red ugly thing (19 damage)
             ... on level 11 of the Dungeon.
             The game lasted 01:29:10 (15636 turns).

varam the Nimble (Merfolk Conjurer)                Turns: 15636, Time: 01:29:10

Health: -2/81      AC: 10    Str: 13    XL:     11   Next: 54%
Magic:  15/17      EV: 20    Int: 16    God:    Nemelex Xobeh [****..]
Gold:   783        SH:  0    Dex: 21    Spells: 1/18 levels left

rFire    . . .     SeeInvis .   c - +3 whip (elec)
rCold    + . .     Gourm    .   (no shield)
rNeg     . . .     Faith    .   H - +2 robe {rC+}
rPois    .         Spirit   .   d - +1 helmet
rElec    .         Reflect  .   (no cloak)
rCorr    .         Harm     .   N - +0 pair of gloves
MR       .....                  b - +2 pair of boots
Stlth    +++.......             (no amulet)
HPRegen  0.23/turn              a - +3 ring of strength
MPRegen  0.15/turn              Y - +6 ring of dexterity

@: no status effects
A: change form in water, swift swim, stealthy swim
a: Triple Draw, Deal Four, Renounce Religion


You were on level 11 of the Dungeon.
You worshipped Nemelex Xobeh.
Nemelex Xobeh was greatly pleased with you.
You were not hungry.

You visited 1 branch of the dungeon, and saw 11 of its levels.
You also visited: Bailey.

You collected 783 gold pieces.

Inventory:

Hand Weapons
 c - a +3 whip of electrocution (weapon)
 g - a +1 whip of venom
 p - the +7 hunting sling of Exchange {flame, Str+2}
   (You found it on level 9 of the Dungeon)

   It causes projectiles fired from it to burn those they strike, causing extra
   injury to most foes and up to half again as much damage against particularly
   susceptible opponents.
   It affects your strength (+2).
 v - a +3 trident
 x - a +2 hunting sling of freezing
Missiles
 l - 43 sling bullets
 o - 2 silver tomahawks
 O - 5 javelins
 Q - 14 tomahawks (quivered)
Armour
 b - a +2 pair of boots (worn)
 d - a +1 helmet (worn)
 A - a +2 shield of protection
 C - +2 ice dragon scales
 H - a +2 robe of cold resistance (worn)
 K - a +3 leather armour of cold resistance
 N - a +0 pair of gloves (worn)
Jewellery
 a - a +3 ring of strength (left hand)
 f - an uncursed ring of protection from fire
 I - an uncursed ring of flight
 Y - a +6 ring of dexterity (right hand)
Wands
 n - a wand of disintegration (2)
 B - a wand of clouds (3)
 G - a wand of enslavement (4)
 S - a wand of iceblast (5)
 W - a wand of acid (6)
Scrolls
 m - a scroll of magic mapping
 r - 2 scrolls of identify
 t - 2 scrolls of teleportation
 w - a scroll of remove curse
 z - a scroll of blinking
 F - 2 scrolls of fear
 L - a scroll of holy word {unknown}
 P - a scroll of fog {unknown}
Potions
 h - 4 potions of haste
 j - 2 potions of berserk rage
 k - 4 potions of lignification
 q - 8 potions of curing
 s - 2 potions of agility
 u - a potion of might {unknown}
 y - 3 potions of degeneration {unknown}
 E - 2 potions of brilliance
 T - 2 potions of heal wounds {unknown}
 Z - 2 potions of cancellation
Miscellaneous
 D - an ornate deck of summoning {drawn: 2}
 J - an ornate deck of summoning {drawn: 3}
 M - a plain deck of summoning {drawn: 1}
 V - an ornate deck of escape {drawn: 1}
Comestibles
 e - 9 rations


   Skills:
 - Level 5.8 Fighting
 + Level 6.5 Maces & Flails
 - Level 4.3 Polearms
 - Level 6.5 Throwing
 - Level 8.7 Dodging
 - Level 2.4 Stealth
 + Level 1.5 Shields
 - Level 4.2 Spellcasting
 - Level 3.6 Conjurations
 - Level 2.3 Hexes
 - Level 6.0 Summonings
 - Level 7.4 Ice Magic
 + Level 1.2 Air Magic
 - Level 2.7 Evocations


You had one spell level left.
You knew the following spells:

 Your Spells              Type           Power        Failure   Level  Hunger
a - Magic Dart            Conj           ###.         3%          1    None
b - Searing Ray           Conj           ###...       5%          2    ##.....
c - Dazzling Spray        Conj/Hex       ##....       14%         3    ###....
d - Summon Ice Beast      Ice/Summ       ####....     10%         4    ####...
e - Call Canine Familiar  Summ           ###.....     4%          3    ###....
f - Summon Lightning Spi  Summ/Air       ###.....     36%         4    ####...

Your spell library contained the following spells:

 Spells                   Type           Power        Failure   Level  Hunger
 Cause Fear               Hex            ##........   52%         4    ####...
 Apportation              Tloc           #.....       17%         1    None
 Conjure Flame            Conj/Fire      #.......     24%         3    ###....
 Slow                     Hex            ##......     10%         2    ##.....
 Freezing Cloud           Conj/Ice/Air   ###.......   99%         6    #######
 Mephitic Cloud           Conj/Pois/Air  #.......     26%         3    ###....
 Ring of Flames           Chrm/Fire      #.........   100%        7    #######
 Venom Bolt               Conj/Pois      #.........   91%         5    ######.
 Olgreb's Toxic Radiance  Pois           #.......     86%         4    ####...
 Summon Small Mammal      Summ           ###.         1%          1    None
 Iskenderun's Mystic Bla  Conj           ###.....     36%         4    ####...
 Animate Dead             Necr           N/A          86%         4    ####...
 Pain                     Necr           #...         17%         1    None
 Animate Skeleton         Necr           N/A          17%         1    None
 Vampiric Draining        Necr           #.........   45%         3    ###....
 Call Imp                 Summ           ###.....     1%          2    ##.....
 Regeneration             Chrm/Necr      #.........   45%         3    ###....
 Sting                    Conj/Pois      #...         8%          1    None
 Confusing Touch          Hex            ##....       6%          1    None
 Corona                   Hex            ##.....      6%          1    None
 Portal Projectile        Hex/Tloc       #.....       30%         3    ###....
 Leda's Liquefaction      Hex/Erth       #.........   71%         4    ####...
 Inner Flame              Hex/Fire       #.......     30%         3    ###....
 Fulminant Prism          Conj/Hex       ##........   43%         4    ####...
 Force Lance              Conj/Tloc      #.......     61%         4    ####...
 Summon Guardian Golem    Hex/Summ       ###.....     9%          3    ###....
 Poisonous Vapours        Pois/Air       #.....       19%         2    ##.....


Dungeon Overview and Level Annotations

Branches:
Dungeon (11/15)            Temple (0/1) D:5            Lair (0/6) D:10
    Orc: D:9-12

Altars:
Cheibriados
Dithmenos
Gozag
Kikubaaqudgha
Nemelex Xobeh
Trog
Wu Jian
Yredelemnul

Annotations:
D:6 2 transporters


Message History

You hit the red ugly thing.
The red ugly thing is heavily wounded.
Your ice beast hits the red ugly thing but does no damage.
The red ugly thing pecks you.
You are engulfed in flames!
* * * LOW HITPOINT WARNING * * *
Your ice beast hits the red ugly thing.
Your ice beast freezes the red ugly thing.
The red ugly thing pecks your ice beast.
Your ice beast is engulfed in flames!!
Your ice beast melts!
Your ice beast dies!
The red ugly thing gurgles horribly!
Evoke which item? (* to show all) (? for menu, Esc to quit)
You draw a card...
It is the Dance.
Your quarterstaff "Loyxta" {antimagic, rPois Int+3} hits the red ugly thing.
The red ugly thing pecks you.
* * * LOW HITPOINT WARNING * * *
You are engulfed in flames!!
You die...
Your body disappears without a glow.

**,,*#.########.....#,,,*
*,,,,#..............#,,,*
+,,,,#.......##..####+###
**,,*#####...##..####...#
**,,**,,###'###.........#
**,,,,,,#....#..........#
#*,,,,,,+....#..........#
#*,,***,###..###.##.#####
#*+***#####..###@##.#*,,#
##.,,,#..#.......u..#,,.#
##....+..#..........#,..#
##...##..#..........#...#
)....##..#..............#
≈≈≈≈.....##...###.......#
###≈.....##...###..######
..#≈.##...#.........#
∩.#≈.##...#.........#*


You could see a red ugly thing.

Vanquished Creatures
  A two-headed ogre (D:8)
  Pikel (D:4)
  An orc knight (Bailey)
  A troll (D:10)
  A hippogriff (D:7)
  A meliai zombie (D:10)
  Sigmund (D:3)
  8 yaks
  Eustachio (D:5)
  A hungry ghost (D:6)
  A steam dragon (D:10)
  Edmund (D:4)
  Menkaure (D:7)
  7 orc warriors
  2 phantoms
  An ice beast (D:9)
  2 sky beasts
  A hornet zombie (D:5)
  6 ogres
  3 centaurs
  A big kobold (D:7)
  4 bullfrogs
  3 scorpions
  A water moccasin skeleton (D:10)
  6 killer bees
  7 wights
  2 howler monkeys
  5 crimson imps
  5 hounds
  2 jellies (D:10)
  6 orc priests
  8 orc wizards
  A bullfrog skeleton (D:4)
  An iguana (D:5)
  5 worker ants
  3 hound skeletons
  A worker ant zombie (D:7)
  Robin (D:4)
  4 gnolls
  14 adders
  2 shadow imps
  3 oozes
  An adder skeleton (D:4)
  An adder zombie (D:7)
  2 worms
  2 dart slugs
  5 leopard geckos
  54 orcs
  11 bats
  6 giant cockroaches
  22 goblins
  8 hobgoblins
  12 jackals
  13 kobolds
  9 quokkas
  5 frilled lizards
  A jackal skeleton (D:8)
  7 rats
286 creatures vanquished.

Vanquished Creatures (collateral kills)
  A hydra (D:11)
  A two-headed ogre (D:11)
  4 yaks
  A hungry ghost (D:7)
  A bullfrog (D:10)
  An orc priest (D:9)
  A hound (D:11)
  3 orc wizards
  2 gnolls (D:10)
  An orc (D:9)
  2 jackals (D:10)
  3 goblins (D:11)
21 creatures vanquished.

Vanquished Creatures (others)
  A worker ant (D:4)
  A ball lightning (D:5)
  3 orcs (D:5)
  14 fungi (D:6)
19 creatures vanquished.

Grand Total: 326 creatures vanquished

Notes
Turn   | Place    | Note
-------+----------+-------------------------------------------
     0 | D:1      | varam the Merfolk Conjurer began the quest for the Orb.
     0 | D:1      | Reached XP level 1. HP: 13/13 MP: 3/3
   310 | D:1      | Reached skill level 3 in Dodging
   310 | D:1      | Reached XP level 2. HP: 16/19 MP: 0/5
   356 | D:1      | Learned a level 2 spell: Searing Ray
   696 | D:1      | Reached XP level 3. HP: 24/24 MP: 3/6
  1990 | D:2      | Reached skill level 1 in Fighting
  1990 | D:2      | Reached XP level 4. HP: 26/32 MP: 2/7
  1991 | D:2      | Reached skill level 1 in Throwing
  2506 | D:3      | Noticed Sigmund
  2520 | D:3      | Reached XP level 5. HP: 38/38 MP: 8/8
  2523 | D:3      | Reached skill level 4 in Dodging
  2743 | D:3      | Found a faded altar of an unknown god.
  3000 | D:4      | Noticed a phantom
  3185 | D:4      | Killed a phantom
  3185 | D:4      | Reached XP level 6. HP: 39/47 MP: 3/9
  3227 | D:4      | Noticed Edmund
  3551 | D:4      | Reached skill level 5 in Dodging
  3771 | D:4      | Found a sparkling altar of Nemelex Xobeh.
  3874 | D:4      | Noticed Robin
  3931 | D:3      | Killed Sigmund
  3931 | D:3      | Reached XP level 7. HP: 53/53 MP: 10/10
  4510 | D:4      | Noticed Pikel
  4515 | D:4      | Killed Edmund
  4515 | D:4      | Reached skill level 6 in Dodging
  4552 | D:4      | Killed Pikel
  4552 | D:4      | Reached skill level 5 in Fighting
  4552 | D:4      | Reached skill level 5 in Throwing
  4552 | D:4      | Reached skill level 7 in Dodging
  4552 | D:4      | Reached XP level 8. HP: 47/63 MP: 11/11
  4837 | D:4      | Killed Robin
  5025 | D:5      | Entered Level 5 of the Dungeon
  5167 | D:4      | Became a worshipper of Nemelex Xobeh the Trickster
  5244 | D:5      | Reached skill level 1 in Polearms
  5264 | D:5      | Received a gift from Nemelex Xobeh
  5273 | D:5      | Noticed Eustachio
  5426 | D:5      | Found a staircase to the Ecumenical Temple.
  5608 | D:5      | Killed Eustachio
  5608 | D:5      | Reached skill level 1 in Evocations
  5689 | D:5      | Learned a level 3 spell: Dazzling Spray
  5716 | D:5      | Reached skill level 8 in Dodging
  5882 | D:6      | Found an ancient bone altar of Kikubaaqudgha.
  5915 | D:6      | Reached XP level 9. HP: 48/69 MP: 12/12
  6014 | D:5      | Reached skill level 1 in Hexes
  7371 | D:5      | Reached * piety under Nemelex Xobeh
  7874 | D:6      | Found a transporter.
  7918 | D:6      | Learned a level 4 spell: Summon Ice Beast
  7981 | D:6      | Found a basalt altar of Yredelemnul.
  8326 | D:6      | Found a transporter.
  8503 | D:7      | Reached skill level 1 in Maces & Flails
  8503 | D:7      | Reached skill level 1 in Summonings
  8503 | D:7      | Reached skill level 1 in Ice Magic
  8818 | D:7      | Reached ** piety under Nemelex Xobeh
  8862 | D:7      | Noticed Menkaure
  8880 | D:7      | Killed Menkaure
  9093 | D:7      | Learned a level 3 spell: Call Canine Familiar
  9855 | D:8      | Reached XP level 10. HP: 68/76 MP: 13/13
 10041 | D:8      | Received a gift from Nemelex Xobeh
 10042 | D:8      | Noticed a two-headed ogre
 10081 | D:8      | Killed a two-headed ogre
 10335 | D:8      | Reached *** piety under Nemelex Xobeh
 10452 | D:8      | Found a shadowy altar of Dithmenos.
 10772 | D:8      | Received a gift from Nemelex Xobeh
 10862 | D:8      | Found a bloodstained altar of Trog.
 10862 | D:8      | Found a snail-covered altar of Cheibriados.
 11274 | D:9      | Got an ancient hunting sling
 11397 | D:9      | Identified the +7 hunting sling of Exchange {flame, Str+2} (You found it on level 9 of the Dungeon)
 11469 | D:9      | Reached skill level 5 in Ice Magic
 11931 | D:9      | Found an ornate altar of the Wu Jian Council.
 11931 | D:9      | Found an opulent altar of Gozag.
 11968 | D:9      | Reached skill level 5 in Summonings
 12088 | D:9      | Reached **** piety under Nemelex Xobeh
 12240 | D:9      | Received a gift from Nemelex Xobeh
 12269 | D:10     | Entered Level 10 of the Dungeon
 13191 | D:10     | Found a staircase to the Lair.
 13406 | D:10     | Reached skill level 5 in Maces & Flails
 13415 | D:10     | Reached XP level 11. HP: 50/81 MP: 10/14
 14163 | D:11     | Noticed a two-headed ogre
 14174 | D:11     | Killed a two-headed ogre
 14195 | D:11     | Found a flagged portal.
 14282 | Bailey   | Entered a bailey
 14674 | Bailey   | Received a gift from Nemelex Xobeh
 14709 | Bailey   | Noticed an orc knight
 14737 | Bailey   | Killed an orc knight
 15056 | D:11     | Learned a level 4 spell: Summon Lightning Spire
 15106 | D:11     | Reached skill level 1 in Shields
 15337 | D:11     | Noticed a seven-headed hydra
 15349 | D:11     | Killed a seven-headed hydra
 15349 | D:11     | Reached skill level 1 in Air Magic
 15617 | D:11     | Noticed a red ugly thing
 15636 | D:11     | Slain by a red ugly thing

Vault maps used:
D:1:      saegor_arrival_simple_d
D:2:      minmay_misc_feat_hallway
D:3:      chequers_ecumenical_altar_simple_redux, first_ration, uniq_sigmund
D:4:      eino_tiny_chamber, nemelex_lonely_heart_becter, uniq_robin,
          uniq_pikel, uniq_edmund
D:5:      corexii_shack_village, lemuel_temple_firewalk_b, uniq_eustachio
D:6:      gammafunk_cloud_chamber, lemuel_crystal_altar, serial_aquarium,
          aquarium_bridge_island_small, aquarium_window_fake, aquarium_window_1,
          aquarium_window_2, aquarium_window_fake, aquarium_view_2d,
          aquarium_balcony_double_1, yredelemnul_altar_generic
D:7:      uniq_menkaure
D:8:      grunt_dithmenos_smoke_and_mirrors, gammafunk_temple_overflow_elements
D:9:      gammafunk_temple_overflow_pools
D:10:     lair_entry_dummy
D:11:     enter_bailey_3, hangedman_fish_farm, minivault_12
Bailey:   bailey_polearm_1, bailey

Skill      XL: |  1  2  3  4  5  6  7  8  9 10 11 |
---------------+----------------------------------+-----
Dodging        | 3 4 5 7 8 |  8.7
Fighting       | 1 3 5 |  5.8
Throwing       | 1 2 3 5 6 |  6.5
Polearms       | 2 4 |  4.3
Evocations     | 1 2 |  2.7
Hexes          | 2 |  2.3
Maces & Flails | 2 5 6 |  6.5
Summonings     | 3 6 |  6.0
Ice Magic      | 3 6 7 |  7.4
Spellcasting   | 4 |  4.2
Shields        | 1 |  1.5
Air Magic      | 1 |  1.2
Stealth        | |  2.4
Conjurations   | |  3.6

Action                   |  1- 3 |  4- 6 |  7- 9 | 10-12 || total
-------------------------+-------+-------+-------+-------++-------
Melee: Dagger            |    28 |    46 |    31 |       ||   105
       Whip              |       |    17 |   205 |   295 ||   517
       Unarmed           |       |    15 |       |       ||    15
       Spear             |       |       |    42 |       ||    42
       Falchion          |       |       |    24 |       ||    24
       Bardiche          |       |       |    16 |       ||    16
       Trident           |       |       |     9 |       ||     9
       Tailslap          |       |       |       |     3 ||     3
 Fire: Hunting sling     |       |    64 |    77 |   105 ||   246
Throw: Javelin           |     9 |    17 |    17 |     4 ||    47
       Throwing net      |       |     1 |       |       ||     1
       Stone             |       |       |    33 |       ||    33
       Tomahawk          |       |       |    25 |    36 ||    61
 Cast: Magic Dart        |    66 |     8 |       |       ||    74
       Searing Ray       |     2 |     3 |       |       ||     5
       Dazzling Spray    |       |       |     3 |     5 ||     8
       Call Canine Famil |       |       |     1 |     7 ||     8
       Summon Ice Beast  |       |       |       |     9 ||     9
 Abil: Evoke Flight      |       |       |       |     3 ||     3
Evoke: Wand              |       |       |    12 |     7 ||    19
       Deck              |       |       |     4 |     7 ||    11
  Use: Scroll            |       |     7 |     6 |    10 ||    23
       Potion            |       |     4 |       |       ||     4
 Stab: Sleeping          |       |       |     1 |     5 ||     6
       Invisible         |       |       |     1 |       ||     1
       Distracted        |       |       |       |     2 ||     2
  Eat: Chunk             |     4 |     4 |    14 |    12 ||    34
       Ration            |       |     1 |     4 |     4 ||     9
Armor: Robe              |    15 |     8 |       |    42 ||    65
       Skin              |       |    21 |       |       ||    21
       Ring mail         |       |       |    51 |       ||    51
       Leather armour    |       |       |    78 |     5 ||    83
Dodge: Dodged            |    43 |    49 |   345 |   312 ||   749
       Rpst.: Falchion   |       |       |     8 |       ||     8

Table legend:
 A = Spawn XP
 B = Non-spawn XP
 C = Spawn XP percentage of total XP
 D = Spawn monster count
 E = Non-spawn monster count
 F = Spawn count percentage of total count
 G = Total turns spent on level
                    A         B        C        D         E        F      G
               +---------+---------+-------+---------+---------+-------+---------
         Total |       0 |   14234 |   0.0 |       0 |     310 |   0.0 | 15636
               +---------+---------+-------+---------+---------+-------+---------
           D:1 |       0 |      48 |   0.0 |       0 |      25 |   0.0 |  1402
           D:2 |       0 |      74 |   0.0 |       0 |      22 |   0.0 |   981
           D:3 |       0 |     366 |   0.0 |       0 |      19 |   0.0 |   965
           D:4 |       0 |    1336 |   0.0 |       0 |      33 |   0.0 |  2068
           D:5 |       0 |     797 |   0.0 |       0 |      35 |   0.0 |  1308
           D:6 |       0 |     839 |   0.0 |       0 |      22 |   0.0 |  1975
           D:7 |       0 |    1254 |   0.0 |       0 |      25 |   0.0 |  1046
           D:8 |       0 |    1356 |   0.0 |       0 |      20 |   0.0 |  1379
           D:9 |       0 |    1556 |   0.0 |       0 |      34 |   0.0 |  1868
          D:10 |       0 |    3073 |   0.0 |       0 |      40 |   0.0 |  1360
          D:11 |       0 |    2369 |   0.0 |       0 |      16 |   0.0 |   533
        Bailey |       0 |    1166 |   0.0 |       0 |      19 |   0.0 |   751
               +---------+---------+-------+---------+---------+-------+---------
